 Dungeon Crawl Stone Soup version 0.31-a0-236-g9a0961fb85 (webtiles) character file.

Game seed: 808972058705693522

378 qw the Shooter (level 6, -19/38 HPs)
             Began as a Gargoyle Hexslinger on July 10, 2023.
             Demolished by an ogre
             ... wielding a +0 giant club
              (24 damage)
             ... on level 4 of the Dungeon.
             The game lasted 00:01:26 (3234 turns).

qw the Shooter (Gargoyle Hexslinger)                Turns: 3234, Time: 00:01:26

Health: -19/38     AC: 12    Str: 11    XL:     6   Next: 74%
Magic:  7/7        EV: 10    Int: 14    God:
Gold:   209        SH:  0    Dex: 14    Spells: 6/7 levels left

rFire   . . .        Y - +3 sling
rCold   + . .        (no shield)
rNeg    + . .        c - +0 ring mail
rPois   inf          (no helmet)
rElec   +            (no cloak)
rCorr   .            (no gloves)
SInv    .            b - +2 pair of boots
Will    .....        (no amulet)
Stlth   +            l - ring of protection from cold
HPRegen 0.26/turn    (no ring)
MPRegen 0.10/turn

%: no passive effects
@: about to teleport
A: sickness immunity, AC +4, negative energy resistance 1, electricity
resistance, torment resistance 1, petrification resistance
a: no special abilities


You were on level 4 of the Dungeon.
You visited 1 branch of the dungeon, and saw 4 of its levels.

You collected 229 gold pieces.
You spent 20 gold pieces at shops.


Innate Abilities, Weirdness & Mutations

You are immune to sickness and miasma.
Your stone body is resilient. (AC +4)
You are immune to poison.
You resist negative energy. (rN+)
You are resistant to electric shocks. (rElec)
You are resistant to unholy torment.
You are immune to petrification.


   Skills:
 - Level 3.8 Fighting
 + Level 5.9 Ranged Weapons
 - Level 1.0 Armour
 - Level 1.5 Dodging
 - Level 1.0 Spellcasting
 - Level 2.6 Hexes


You had 6 spell levels left.
You knew the following spells:

 Your Spells              Type           Power      Damage    Failure   Level
a - Slow                  Hex            32%        N/A       21%         1

Your spell library contained the following spells:

 Spells                   Type           Power      Damage    Failure   Level
 Inner Flame              Hex/Fire       4%         N/A       71%         3
 Portal Projectile        Hex/Tloc       8%         N/A       71%         3
 Cause Fear               Hex            4%         N/A       90%         4

Inventory:

Hand Weapons
 Y - a +3 sling (weapon)
Armour
 b - a +2 pair of boots (worn)
 c - a +0 ring mail (worn)
Jewellery
 l - a ring of protection from cold (left hand)
Scrolls
 f - a scroll of identify
Potions
 g - a potion of cancellation
 h - a potion of might
 i - a potion of enlightenment

Dungeon Overview and Level Annotations

Branches:
Dungeon (4/15)
 Temple: D:4-7

Altars:
Dithmenos
Uskayaw

Shops:
D:1 [   D:4 =

Annotations:
D:3 1 runed translucent door, qw's ghost, amateur GrHs
D:4 1 runed translucent door, qw's ghost, amateur MiHs


Message History

You shoot a sling bullet. The sling bullet hits the orc.
The orc is almost dead.
The orc misses you.
You shoot a sling bullet.
The sling bullet hits the orc but does no damage.
The orc is almost dead.
The orc hits you but does no damage. The orc barely misses you.
The ogre closely misses you.
You shoot a sling bullet.
The sling bullet hits the orc but does no damage.
The orc is almost dead.
The orc hits you but does no damage.
You shoot a sling bullet.
The sling bullet hits the orc but does no damage.
The orc is almost dead.
The ogre hits you with a +0 giant club!
You shoot a sling bullet. The sling bullet hits the ogre.
The ogre is lightly wounded.
The ogre hits you with a +0 giant club!
You shoot a sling bullet. The sling bullet hits the ogre.
The ogre is lightly wounded.
The orc closely misses you. The orc completely misses you.
The ogre closely misses you.
You shoot a sling bullet. The sling bullet hits the ogre!
The ogre is heavily wounded.
The orc hits you with a +0 dagger. The orc hits you with a +0 club.
The ogre closely misses you. The orc hits you but does no damage.
3232 ||| READING scroll of teleportation.
As you read the scroll of teleportation, it crumbles to dust.
You feel strangely unstable. The orc hits you but does no damage. x2
You shoot a sling bullet. The sling bullet barely misses the orc.
The ogre barely misses you. The orc hits you but does no damage. x2
The orc hits you with a +0 club.
You shoot a sling bullet. The sling bullet hits the orc.
You kill the orc!
The orc closely misses you.
The ogre hits you with a +0 giant club!!
Ouch! That really hurt!
You die...

.....## ....[.. ..<..#
.....# ..... #######
####### .).#
#.##.##.##..##.##o..###.
.........:...#..@O......
.............'..o)......
.............#..........
.%...........#..........
.............#..........
####.####...##..##..###+
#.##.####'####..##..##..#
..#.....................#
..#.....................#


You could see an ogre and 2 orcs.

Vanquished Creatures
  Menkaure (D:4)
  A phantom (D:4)
  A howler monkey (D:4)
  Terence (D:3)
  3 adders
  A worm (D:3)
  3 orcs (D:4)
  7 ball pythons
  4 bats (D:1)
  8 endoplasms
  14 giant cockroaches
  7 goblins
  8 hobgoblins
  5 jackals (D:1)
  2 quokkas
  3 frilled lizards
  6 kobolds
  7 rats
  A spectral hobgoblin (D:1)
83 creatures vanquished.

Notes
Turn   | Place    | Note
-------+----------+-------------------------------------------
     0 | D:1      | qw the Gargoyle Hexslinger began the quest for the Orb.
     0 | D:1      | Reached XP level 1. HP: 12/12 MP: 2/2
     0 | D:1      | 0 ||| qw: Version: 0.3-a-52-g30416fa
     0 | D:1      | 0 ||| qw: Game counter: 4744
     0 | D:1      | 0 ||| qw: Melee chars always use a shield: true
     0 | D:1      | 0 ||| qw: God list: Okawaru
     0 | D:1      | 0 ||| qw: Allow faded altars: false
     0 | D:1      | 0 ||| qw: Do Orc after clearing Dungeon:15 true
     0 | D:1      | 0 ||| qw: Do second Lair branch before Depths: true
     0 | D:1      | 0 ||| qw: Lair rune preference: random
     0 | D:1      | 0 ||| qw: Goals: Normal
     0 | D:1      | 0 ||| PLANNING D:1-11
    52 | D:1      | Reached XP level 2. HP: 16/16 MP: 3/3
   145 | D:1      | Reached skill level 3 in Ranged Weapons
   145 | D:1      | 145 ||| FLEEEEING.
   146 | D:1      | 146 ||| FLEEEEING.
   147 | D:1      | 147 ||| FLEEEEING.
   148 | D:1      | 148 ||| FLEEEEING.
   149 | D:1      | 149 ||| FLEEEEING.
   150 | D:1      | 150 ||| FLEEEEING.
   151 | D:1      | 151 ||| FLEEEEING.
   209 | D:1      | Found a faded altar of an unknown god.
   212 | D:1      | 212 ||| Stepping ~*~*~tactically~*~*~ (water).
   534 | D:1      | Reached XP level 3. HP: 21/21 MP: 4/4
   729 | D:1      | Found Ixas Tio's Armour Emporium.
   740 | D:1      | 740 ||| BUYING +0 leather armour (20 gold).
   740 | D:1      | Bought a +0 leather armour for 20 gold pieces
   740 | D:1      | 740 ||| SHOPLISTING +0 ring mail (40 gold, have 5).
  1009 | D:1      | 1009 ||| UPGRADING to +0 leather armour.
  1019 | D:1      | 1019 ||| DROPPING +0 robe.
  1020 | D:1      | 1020 ||| READING 2 scrolls labelled VEITUS BUORONU.
  1021 | D:1      | 1021 ||| READING scroll labelled CIRREI UTHRAIG.
  1022 | D:1      | 1022 ||| READING 2 scrolls labelled SIAMNU NADAISCH.
  1023 | D:1      | 1023 ||| READING scroll labelled QASMIZ VOQU.
  1024 | D:1      | 1024 ||| READING scroll labelled CAYKHA SUFULLE.
  1029 | D:1      | 1029 ||| DROPPING scroll of blinking.
  1030 | D:1      | 1030 ||| DROPPING scroll of poison.
  1373 | D:2      | Reached XP level 4. HP: 21/26 MP: 5/5
  1440 | D:2      | Reached skill level 4 in Ranged Weapons
  1570 | D:2      | Identified the staff "Wedux" {rElec rN+ MP+9 Stlth- Necro}
  1701 | D:2      | 1701 ||| UPGRADING to +2 pair of boots.
  1706 | D:2      | 1706 ||| UPGRADING to +0 ring mail.
  1716 | D:2      | 1716 ||| DROPPING +0 leather armour.
  1717 | D:2      | 1717 ||| DROPPING amulet of magic regeneration.
  1718 | D:2      | 1718 ||| UPGRADING to ring of protection from cold.
  1719 | D:2      | 1719 ||| READING scroll labelled ZOGAAN ONLUIX.
  1720 | D:2      | 1720 ||| DRINKING 2 grey potions.
  1721 | D:2      | 1721 ||| READING 3 scrolls of identify.
  1721 | D:2      | 1721 ||| IDENTIFYING fuming inky potion
  1722 | D:2      | 1722 ||| READING 2 scrolls of identify.
  1722 | D:2      | 1722 ||| IDENTIFYING purple potion
  1723 | D:2      | 1723 ||| DROPPING potion of degeneration.
  1806 | D:3      | Reached skill level 1 in Armour
  2303 | D:3      | 2303 ||| READING scroll of enchant weapon.
  2303 | D:3      | 2303 ||| ENCHANTING +2 sling.
  2371 | D:3      | Found a shadowy altar of Dithmenos.
  2371 | D:3      | Found a hide-covered altar of Uskayaw.
  2430 | D:3      | Noticed Terence
  2449 | D:3      | Killed Terence
  2450 | D:3      | Reached XP level 5. HP: 27/30 MP: 6/6
  2472 | D:3      | Found a runed translucent door.
  2589 | D:3      | Noticed qw's ghost (amateur GrHs)
  2725 | D:3      | 2725 ||| READING scroll labelled TAFUUZ TEULEL.
  2726 | D:3      | 2726 ||| READING 3 scrolls of identify.
  2726 | D:3      | 2726 ||| IDENTIFYING viscous blue potion
  2727 | D:3      | 2727 ||| READING 2 scrolls of identify.
  2727 | D:3      | 2727 ||| IDENTIFYING ruby potion
  2788 | D:4      | Noticed Menkaure
  2794 | D:4      | HP: 1/30 [Menkaure (18)]
  2795 | D:4      | 2795 ||| READING 2 scrolls of teleportation.
  2796 | D:4      | 2796 ||| DRINKING potion of heal wounds.
  2799 | D:4      | Killed Menkaure
  2800 | D:4      | Reached skill level 5 in Ranged Weapons
  2800 | D:4      | Reached XP level 6. HP: 22/35 MP: 7/7
  2800 | D:4      | 2800 ||| FLEEEEING.
  2801 | D:4      | 2801 ||| STAIRDANCE
  2952 | D:4      | Found a runed translucent door.
  2953 | D:4      | Noticed qw's ghost (amateur MiHs)
  3019 | D:4      | Found Simiclo's Jewellery Shop.
  3036 | D:4      | 3036 ||| SHOPLISTING amulet "Ojeopim" {Faith *Slow rF+
                  | Int+3 SInv} (824 gold, have 161).
  3036 | D:4      | 3036 ||| SHOPLISTING amulet of reflection (420 gold, have
                  | 161).
  3036 | D:4      | 3036 ||| SHOPLISTING amulet of regeneration (420 gold, have
                  | 161).
  3036 | D:4      | 3036 ||| SHOPLISTING amulet of the Air {Inacc Air Fly rElec
                  | RMsl} (526 gold, have 161).
  3036 | D:4      | 3036 ||| SHOPLISTING ring "Diopric" {Wiz rC+} (616 gold,
                  | have 161).
  3036 | D:4      | 3036 ||| SHOPLISTING ring "Ihiemixt" {Fly rCorr Stlth+}
                  | (460 gold, have 161).
  3036 | D:4      | 3036 ||| SHOPLISTING ring of protection from cold (350
                  | gold, have 161).
  3036 | D:4      | 3036 ||| SHOPLISTING ring of see invisible (210 gold, have
                  | 161).
  3036 | D:4      | 3036 ||| SHOPLISTING ring of willpower (350 gold, have
                  | 161).
  3078 | D:4      | Reached skill level 3 in Fighting
  3231 | D:4      | HP: 8/38 [orc/+0 dagger (4)]
  3232 | D:4      | 3232 ||| READING scroll of teleportation.
  3234 | D:4      | Demolished by an ogre

Levels and vault maps discovered:
D:1:      lemuel_arrival_cross, layout_basic, serial_shops, nicolae_shop_stone,
          dreamdust_ecumenical_altar_drowned_temple, serial_corexii_hall,
          corexii_hall_statues_t, corexii_hall_statues_i,
          corexii_hall_statues_deadend, corexii_hall_statues_x,
          corexii_hall_statues_l, chequers_hall_statues_corner_a,
          chequers_serial_rivers_small_b
D:2:      layout_loops_ring, st_stairs_5
D:3:      minmay_roachtagon, layout_basic, amethyst_overflow_temple_binary,
          ebering_ghost_inner_flame, uniq_terence
D:4:      layout_gridville, temple_doors_e, gammafunk_ghost_grave, serial_shops,
          nicolae_shop_stone, uniq_menkaure

Skill      XL: |  1  2  3  4  5  6 |
---------------+-------------------+-----
Ranged Weapons | 3 4 5 |  5.9
Fighting       | 2 3 |  3.8
Armour         | 1 |  1.0
Dodging        | |  1.5
Spellcasting   | |  1.0
Hexes          | |  2.6

Action                     |  1- 3 |  4- 6 || total
---------------------------+-------+-------++-------
   Fire: Sling             |   166 |   186 ||   352
    Use: Scroll            |     5 |     9 ||    14
         Potion            |       |     2 ||     2
 Armour: Robe              |    36 |       ||    36
         Leather armour    |    18 |       ||    18
         Ring mail         |       |    82 ||    82
  Dodge: Dodged            |    68 |    83 ||   151

Table legend:
 A = Non-vault XP
 B = Vault XP
 C = Vault XP percentage of total XP
 D = Non-vault monster count
 E = Vault monster count
 F = Vault count percentage of total count
                 A         B        C        D         E       F
            +---------+---------+-------+---------+---------+-------
      Total |     306 |     237 |  43.6 |      65 |      18 |  21.7
            +---------+---------+-------+---------+---------+-------
        D:1 |      49 |       1 |   2.0 |      28 |       1 |   3.4
        D:2 |      42 |       2 |   4.5 |      12 |       2 |  14.3
        D:3 |      38 |      62 |  62.0 |      13 |      14 |  51.9
        D:4 |     177 |     172 |  49.3 |      12 |       1 |   7.7
            +---------+---------+-------+---------+---------+-------
